 Dungeon Crawl Stone Soup version 0.19.1 (webtiles) character file.

73 galech the Cudgeler (level 4, -1/35 HPs)
             Began as a Human Berserker on Dec 7, 2016.
             Was a Believer of Trog.
             Slain by an adder (5 damage)
             ... on level 2 of the Dungeon.
             The game lasted 00:08:47 (2103 turns).

galech the Cudgeler (Human Berserker)               Turns: 2103, Time: 00:08:47

Health: -1/35      AC:  2    Str: 18    XL:     4   Next: 51%
Magic:  4/4        EV: 12    Int:  8    God:    Trog [**....]
Gold:   59         SH:  0    Dex: 12    Spells: 0 memorised, 3 levels left

rFire  . . .     SeeInvis .     j - +0 mace
rCold  . . .     Gourm    .     b - +0 animal skin
rNeg   . . .     Faith    .     (no shield)
rPois  .         Spirit   .     (no helmet)
rElec  .         Reflect  .     (no cloak)
rCorr  .         Harm     .     (no gloves)
MR     .....                    (no boots)
Stlth  +.........               i - amulet of rage (curse)
                                (no ring)
                                (no ring)

@: no status effects
A: no striking features
a: Berserk, Trog's Hand, Burn Spellbooks, Renounce Religion, Evoke Berserk Rage


You were on level 2 of the Dungeon.
You worshipped Trog.
Trog was pleased with you.
You were not hungry.

You visited 1 branch of the dungeon, and saw 2 of its levels.

You collected 59 gold pieces.

Inventory:

Hand Weapons
 a - a +0 mace
 j - a +0 mace (weapon)
Armour
 b - a +0 animal skin (worn)
 n - a +0 chain mail
Jewellery
 i - a cursed amulet of rage (around neck)
Scrolls
 e - 2 scrolls of fog {unknown}
 g - 2 scrolls of teleportation {unknown}
 h - 2 scrolls of amnesia {unknown}
 k - a scroll of remove curse {unknown}
 m - a scroll of enchant weapon {unknown}
 o - a scroll of recharging {unknown}
Potions
 f - a potion of agility {unknown}
 l - 2 potions of curing
 p - a potion of haste {unknown}
Comestibles
 c - 2 bread rations
 d - a slice of pizza
 q - 3 chunks of flesh


   Skills:
 + Level 3.4 Fighting
 + Level 4.3 Maces & Flails
 + Level 2.0 Armour
 + Level 2.4 Dodging
 + Level 0.2 Stealth


You had 3 spell levels left.
You didn't know any spells.

Dungeon Overview and Level Annotations

Branches:
Dungeon (2/15)

Altars:


Message History

An adder comes into view.
The adder moves out of view.
The giant cockroach closely misses you. The giant cockroach closely misses you.
The giant cockroach misses you. The giant cockroach barely misses you.
The adder closely misses you. The adder barely misses you.
The giant cockroach bites you.
* * * LOW HITPOINT WARNING * * *
The adder misses you.
The giant cockroach bites you but does no damage.
The adder misses you. The giant cockroach bites you.
* * * LOW HITPOINT WARNING * * *
The adder barely misses you. The giant cockroach closely misses you.
The adder barely misses you. The giant cockroach barely misses you.
The adder bites you.
* * * LOW HITPOINT WARNING * * *
The giant cockroach bites you.
* * * LOW HITPOINT WARNING * * *
The adder bites you.
You die...

#....#......#.#......#..
#.................##.###
#....#........######.# #
#.....#....8...# ##.###
..##...#...8.8..#####..##.
## #...#..8._.8..##.......
##..##...8.8........####
####......s.)8..........###
#........S@..............##
#....%<...###............##
#.........# #............##
#..........#
##..........###
#...####..## ##...##...## #
..... #.## ########## #
[... ### # .... # #


You could see an adder and a giant cockroach.

Vanquished Creatures
  3 adders
  A worm (D:1)
  2 dart slugs
  A leopard gecko (D:2)
  A giant cockroach (D:2)
  5 goblins
  3 hobgoblins (D:1)
  6 jackals
  A ball python (D:1)
  2 bats (D:1)
  4 frilled lizards (D:1)
  5 kobolds
  4 rats
38 creatures vanquished.

Notes
Turn   | Place    | Note
-------+----------+-------------------------------------------
     0 | D:1      | galech the Human Berserker began the quest for the Orb.
     0 | D:1      | Reached XP level 1. HP: 18/18 MP: 1/1
   565 | D:1      | Reached XP level 2. HP: 21/24 MP: 2/2
   900 | D:1      | Reached XP level 3. HP: 14/29 MP: 3/3
  1424 | D:2      | Found a faded altar of an unknown god.
  1463 | D:2      | Reached skill level 4 in Maces & Flails
  1509 | D:2      | Reached XP level 4. HP: 15/35 MP: 4/4
  2026 | D:2      | Reached ** piety under Trog
  2103 | D:2      | Slain by an adder

Skill      XL: |  1  2  3 |
---------------+----------+-----
Maces & Flails | 4 |  4.3
Fighting       | |  3.4
Armour         | |  2.0
Dodging        | |  2.4
Stealth        | |  0.2

Action                   |  1- 3 |  4- 6 || total
-------------------------+-------+-------++-------
Melee: Mace              |   109 |    36 ||   145
  Eat: Chunk             |     2 |     2 ||     4
Armor: Animal skin       |    22 |    12 ||    34
Dodge: Dodged            |    77 |    48 ||   125
